 Dungeon Crawl Stone Soup version 0.26-a0-683-g5206c1d7ac (webtiles) character file.

Game seed: 17075414228511047722

38 Cookdom the Grave Robber (level 3, 0/24 HPs)
             Began as a Human Necromancer on Oct 22, 2020.
             Slain by an adder (4 damage)
             ... on level 2 of the Dungeon.
             The game lasted 00:21:09 (1230 turns).

Cookdom the Grave Robber (Human Necromancer)        Turns: 1230, Time: 00:21:10

Health: 0/24       AC:  2    Str:  8    XL:     3   Next: 65%
Magic:  5/6        EV: 12    Int: 16    God:
Gold:   76         SH:  0    Dex: 13    Spells: 5/6 levels left

rFire    . . .     SeeInvis .   l - +0 short sword
rCold    . . .     Faith    .   (no shield)
rNeg     . . .     Spirit   .   a - +0 robe
rPois    .         Reflect  .   (no helmet)
rElec    .         Harm     .   (no cloak)
rCorr    .         Rampage  .   (no gloves)
MR       .....                  (no boots)
Stlth    ++........             (no amulet)
HPRegen  0.08/turn              (no ring)
MPRegen  0.10/turn              (no ring)

@: lethally poisoned (0 -> -1)
A: no striking features
a: no special abilities


You were on level 2 of the Dungeon.
You visited 1 branch of the dungeon, and saw 2 of its levels.

You collected 76 gold pieces.

Inventory:

Hand Weapons
 f - a +0 club
 h - a +0 dagger
 l - a +0 short sword (weapon)
Missiles
 b - 24 bolts
 g - 33 arrows
 j - a throwing net (quivered)
Armour
 a - a +0 robe (worn)
 k - a +0 ring mail
Jewellery
 d - a cursed amulet of regeneration {unknown}
Scrolls
 i - a scroll of remove curse {unknown}
Potions
 c - a potion of curing {unknown}
 e - 2 potions of heal wounds {unknown}


   Skills:
 + Level 0.1 Fighting
 + Level 0.1 Short Blades
 + Level 0.1 Maces & Flails
 + Level 2.2 Dodging
 + Level 2.2 Stealth
 + Level 2.3 Spellcasting
 + Level 4.6 Necromancy


You had 5 spell levels left.
You knew the following spells:

 Your Spells              Type           Power        Failure   Level
a - Pain                  Necr           ###.         3%          1

Your spell library contained the following spells:

 Spells                   Type           Power        Failure   Level
 Animate Skeleton         Necr           ###...       3%          1
 Vampiric Draining        Necr           ###.......   9%          3
 Animate Dead             Necr           ###.......   30%         4
 Agony                    Necr           ###.....     63%         5


Dungeon Overview and Level Annotations

Branches:
Dungeon (2/15)

Altars:


Message History

The adder writhes in agony.
The adder closely misses you.
You closely miss the adder.
The adder is moderately wounded.
The adder closely misses you. The adder barely misses you.
You closely miss the adder.
The adder is moderately wounded.
The adder bites you.
You are too injured to fight recklessly!
You hit the adder.
The adder is severely wounded.
The adder bites you.
* * * LOW HITPOINT WARNING * * *
You are poisoned.
The adder poisons you! The adder closely misses you.
You feel sick.
You feel sick. The adder misses you. The adder barely misses you.
You feel sick. The adder bites you.
You die...

#[........ ###
######..#####.# . ...
........# #. #.#
######..# #.. ##.##
........# #..##...##
#######B# ##........#####
#.#
..............########.##
#........#..@SB........#
#####...##...########.##
#.########.####### ###
#...<......# ############


You could see an adder and a giant cockroach.

Vanquished Creatures
  An adder (D:2)
  An ooze (D:1)
  2 dart slugs (D:1)
  A leopard gecko (D:1)
  A bat (D:1)
  4 goblins (D:1)
  3 hobgoblins (D:1)
  A ball python (D:1)
  A frilled lizard (D:1)
  3 kobolds (D:1)
  2 rats (D:1)
20 creatures vanquished.

Notes
Turn   | Place    | Note
-------+----------+-------------------------------------------
     0 | D:1      | Cookdom the Human Necromancer began the quest for the Orb.
     0 | D:1      | Reached XP level 1. HP: 13/13 MP: 3/3
   148 | D:1      | Reached XP level 2. HP: 14/19 MP: 3/5
   584 | D:1      | Reached XP level 3. HP: 12/24 MP: 3/6
  1230 | D:2      | Slain by an adder

Illustrated notes

Levels and vault maps discovered:
D:1:      scummos_arrival_simple_fountains, layout_loops_ring
D:2:      layout_loops_ring, kennysheep_okawaru_gauntlet

Action                   || total
-------------------------++-------
Melee: Club              ||    16
       Dagger            ||    15
       Short sword       ||    16
 Cast: Pain              ||    31
Armor: Robe              ||    13
Dodge: Dodged            ||    42

Table legend: (Time is in decaauts)
 A = Elapsed time spent in this place.
 B = Non-inter-level travel time spent in this place.
 C = Inter-level travel time spent in this place.
 D = Time resting spent in this place.
 E = Time spent auto-exploring this place.
 F = Levels seen in this place.
 G = Mean time per level.
                   A        B        C        D        E       F      G
               +--------+--------+--------+--------+--------+-----+--------+
         Total |   1234 |   1234 |      0 |    452 |      0 |   2 |  617.0 |
       Dungeon |   1234 |   1234 |      0 |    452 |      0 |   2 |  617.0 |
               +--------+--------+--------+--------+--------+-----+--------+

Top non-repeatable levels by time:
     D:1: 1154 daAuts
     D:2: 79 daAuts
